 Dungeon Crawl Stone Soup version 0.28.0-45-g0d030f2227 (webtiles) character file.

Game seed: 2487662921448862180

5 Kangaroobicon the Skirmisher (level 1, 0/19 HPs)
             Began as a Palentonga Fighter on Apr 24, 2022.
             Slain by a jackal (2 damage)
             ... on level 1 of the Dungeon.
             The game lasted 00:01:20 (126 turns).

Kangaroobicon the Skirmisher (Palentonga Fighter)    Turns: 126, Time: 00:01:23

Health: 0/19       AC:  6    Str: 19    XL:     1   Next: 66%
Magic:  1/1        EV:  7    Int:  8    God:
Gold:   14         SH:  4    Dex:  9    Spells: 0/0 levels left

rFire   . . .      SeeInvis +   a - +0 war axe
rCold   . . .      Faith    .   c - +0 buckler
rNeg    . . .      Spirit   .   b - +0 scale mail
rPois   .          Reflect  .   (no helmet)
rElec   .          Harm     .   (no cloak)
rCorr   .          Rampage  .   (no gloves)
Will    .....                   (no barding)
Stlth   ..........              (no amulet)
HPRegen 0.06/turn               (no ring)
MPRegen 0.07/turn               (no ring)

@: no status effects
A: large, rugged brown scales 3, see invisible, deformed body, roll 1, armoured
tail
a: Rolling Charge


You were on level 1 of the Dungeon.
You visited 1 branch of the dungeon, and saw 1 of its levels.

You collected 14 gold pieces.

Inventory:

Hand Weapons
 a - a +0 war axe (weapon)
Armour
 b - a +0 scale mail (worn)
 c - a +0 buckler (worn)
Scrolls
 f - a scroll of immolation {unknown}
Potions
 d - a potion of might
 e - a potion of ambrosia {unknown}


   Skills:
 + Level 3.1 Fighting
 + Level 2.0 Axes
 + Level 2.5 Armour
 + Level 2.5 Shields


You couldn't memorise any spells.
You didn't know any spells.
Your spell library was empty.

Dungeon Overview and Level Annotations

Branches:
Dungeon (1/15)

Altars:


Innate Abilities, Weirdness & Mutations

You are completely covered in rugged brown scales. (AC +3, +7% HP)
You have supernaturally acute eyesight. (SInv)
Armour fits poorly on your strangely shaped body.
You can roll at nearby foes to attack.
You have a long armoured tail.


Message History

The jackal bites you. x2
The jackal bites you but does no damage. x2
The jackal barely misses you.
You slash the jackal!
You kill the jackal!
You hit the jackal. You closely miss the jackal. x2
The jackal bites you but does no damage.
You block the jackal's attack. The jackal barely misses you.
The jackal bites you.
* * * LOW HITPOINT WARNING * * *
You block the jackal's attack.
The jackal bites you but does no damage.
You hit the jackal but do no damage. You barely miss the jackal.
You closely miss the jackal. You block the jackal's attack.
The jackal bites you but does no damage.
You block the jackal's attack. The jackal barely misses you. x2
The jackal closely misses you.
You closely miss the jackal. You barely miss the jackal.
You hit the jackal but do no damage.
The jackal bites you but does no damage.
The jackal barely misses you.
The jackal bites you but does no damage.
The jackal barely misses you. x2
The jackal bites you but does no damage.
You closely miss the jackal. You hit the jackal. You closely miss the jackal.
The jackal bites you but does no damage.
You block the jackal's attack.
The jackal bites you but does no damage.
The jackal bites you.
* * * LOW HITPOINT WARNING * * *
The jackal barely misses you. The jackal closely misses you.
The jackal bites you but does no damage.
You slash the jackal!
You kill the jackal!
You slash the jackal!
You kill the jackal!
You closely miss the jackal. The jackal bites you.
* * * LOW HITPOINT WARNING * * *
The jackal bites you.
You die...

. .. .#. #######
....#.....##
.>.........##
......†.....#
......†@....#
..##..........h....#
#..#...............#
####.................#
#....................#
...........#.#.#....##
....###............##
....#.#....#.#.#..##
....#.#..).†.....##


You could see a jackal.

Vanquished Creatures
  2 hobgoblins (D:1)
  3 jackals (D:1)
  A bat (D:1)
  A kobold (D:1)
7 creatures vanquished.

Notes
Turn   | Place    | Note
-------+----------+-------------------------------------------
     0 | D:1      | Kangaroobicon the Palentonga Fighter began the quest for
                  | the Orb.
     0 | D:1      | Reached XP level 1. HP: 19/19 MP: 1/1
   126 | D:1      | Slain by a jackal

Illustrated notes

Levels and vault maps discovered:
D:1:      erik_arrival_blinker_ship, layout_rooms, serial_glass,
          glass_columns_a, glass_columns_b, glass_columns_a, glass_columns_a,
          glass_columns_b, glass_columns_a, glass_columns_c, glass_columns_b,
          minmay_crystal_water, serial_park_tiny_pond

Action                   || total
-------------------------++-------
Melee: War axe           ||    18
       Tailslap          ||     2
Armor: Scale mail        ||    28
Dodge: Dodged            ||    19
Block: Buckler           ||     9
